 Dungeon Crawl Stone Soup version 0.29.1-13-g9f3cf754e1 (webtiles) character file.

Game seed: 10760135826206166259

233 nightchill the Chopper (level 6, -5/56 HPs)
             Began as a Hill Orc Fighter on Jan 24, 2023.
             Was a Follower of Beogh.
             Slain by a gnoll
             ... wielding a +0 whip
             ... led by a gnoll bouda
              (6 damage)
             ... on level 4 of the Dungeon.
             The game lasted 00:02:25 (2146 turns).

nightchill the Chopper (Hill Orc Fighter)           Turns: 2146, Time: 00:02:25

Health: -5/56      AC: 11    Str: 21    XL:     6   Next: 4%
Magic:  8/8        EV:  5    Int:  8    God:    Beogh [*.....]
Gold:   134        SH:  4    Dex: 10    Spells: 5/5 levels left

rFire   . . .      SeeInvis .   a - +0 war axe
rCold   . . .      Faith    .   c - +0 buckler
rNeg    . . .      Spirit   .   l - +0 plate armour
rPois   .          Reflect  .   (no helmet)
rElec   .          Harm     .   (no cloak)
rCorr   .          Rampage  .   (no gloves)
Will    .....                   (no boots)
Stlth   ..........              (no amulet)
HPRegen 0.18/turn               (no ring)
MPRegen 0.11/turn               (no ring)

@: mighty, weakened
A: no striking features
a: Renounce Religion


You were on level 4 of the Dungeon.
You worshipped Beogh.
Beogh was aware of your devotion.
You visited 1 branch of the dungeon, and saw 3 of its levels.

You collected 134 gold pieces.

Inventory:

Hand Weapons
 a - a +0 war axe (weapon)
Armour
 b - a +0 scale mail
 c - a +0 buckler (worn)
 l - a +0 plate armour (worn)
Scrolls
 e - a scroll of poison {unknown}
 f - a scroll of teleportation {unknown}
 g - 2 scrolls of identify {unknown}
 i - a scroll of magic mapping {unknown}
 j - 4 scrolls of fear {unknown}
 k - a scroll of enchant armour {unknown}
Potions
 h - a potion of degeneration {unknown}
 m - a potion of lignification {unknown}


   Skills:
 + Level 5.1 Fighting
 * Level 6.1 Axes
 - Level 3.2 Armour
 - Level 3.2 Shields
 + Level 3.1 Invocations


You had 5 spell levels left.
You didn't know any spells.
Your spell library contained the following spells:

 Spells                   Type           Power      Damage    Failure   Level
 Ozocubu's Armour         Ice            0%         N/A       100%        3
 Ozocubu's Refrigeration  Ice            0%         4d7       100%        7


Dungeon Overview and Level Annotations

Branches:
Dungeon (2/15)

Altars:
Beogh


Message History

The gnoll hits you with a +1 spear of freezing.
* * * LOW HITPOINT WARNING * * *
The gnoll freezes you.
* * * LOW HITPOINT WARNING * * *
The gnoll bouda gazes fiercely through you!
You feel as though you will be weak longer.
The gnoll bouda hits you with a +0 club!
* * * LOW HITPOINT WARNING * * *
You slash the gnoll!
You kill the gnoll!
Beogh accepts your kill.
You hit the gnoll. You hit the gnoll bouda.
The gnoll bouda barks out a call to the hunt!
The gnoll picks up the pace!
The gnoll hits you with a +0 whip.
* * * LOW HITPOINT WARNING * * *
Your Fighting skill increases to level 5!
You closely miss the gnoll bouda.
The gnoll bouda is moderately wounded.
You closely miss the gnoll. You hit the gnoll.
The gnoll hits you but does no damage.
The gnoll bouda hits you with a +0 club.
* * * LOW HITPOINT WARNING * * *
The gnoll hits you with a +0 whip.
* * * LOW HITPOINT WARNING * * *
Unknown command.
You slash the gnoll bouda!
You kill the gnoll bouda!
Beogh accepts your kill.
Beogh appreciates your killing of a heretic priest.
You hit the gnoll. x2; The gnoll barely misses you.
You block the gnoll's attack. The gnoll barely misses you.
Your Axes skill increases to level 6!
Your Invocations skill increases to level 3!
You have reached level 6!
You completely miss the gnoll.
The gnoll is heavily wounded.
You closely miss the gnoll.
The gnoll is no longer moving quickly.
The gnoll barely misses you. x2; The gnoll hits you with a +0 whip.
You die... #. ..# #... ###.##.# #ggg

.....#.# #..#
#..#.##### #..#
#........## #..#
#..#......######..#
####.#####......|#..#
........##.....)gg..#
........##......@##.#
........##..#...).#.#
........##..#####)#.#
........##..# #.#.#
....##......# #?#.#
.##.# .####.# #.#.#
.##.# .# #.. .##.# .#
#.. .##.# ...


You could see 2 gnolls.

Vanquished Creatures
  A howler monkey (D:4)
  2 hounds (D:4)
  A gnoll bouda (D:4)
  3 gnolls (D:4)
  4 adders
  2 dart slugs
  4 ball pythons
  2 bats
  3 endoplasms
  A giant cockroach (D:2)
  4 goblins
  2 hobgoblins
  A jackal (D:4)
  5 kobolds
  4 quokkas
  3 frilled lizards
42 creatures vanquished.

Notes
Turn   | Place    | Note
-------+----------+-------------------------------------------
     0 | D:1      | nightchill the Hill Orc Fighter began the quest for the
                  | Orb.
     0 | D:1      | Reached XP level 1. HP: 19/19 MP: 1/1
    91 | D:1      | Reached skill level 3 in Axes
   363 | D:1      | Reached XP level 2. HP: 27/27 MP: 2/2
   498 | D:1      | Found a faded altar of an unknown god.
   531 | D:1      | Prayed at the altar of an unknown god.
   531 | D:1      | Became a worshipper of Beogh the Brigand
   531 | D:1      | Reached * piety under Beogh
  1293 | D:2      | Reached XP level 3. HP: 33/33 MP: 3/3
  1334 | D:2      | Reached skill level 4 in Axes
  1351 | D:2      | Reached skill level 1 in Invocations
  1563 | D:2      | Reached XP level 4. HP: 41/41 MP: 3/5
  1587 | D:2      | You fall into a shaft and drop 2 floors!
  1790 | D:4      | Reached skill level 5 in Axes
  1973 | D:4      | Reached XP level 5. HP: 40/47 MP: 6/6
  2144 | D:4      | Reached skill level 5 in Fighting
  2144 | D:4      | HP: 1/48 [gnoll/+0 whip[a gnoll bouda] (3)]
  2146 | D:4      | Reached skill level 6 in Axes
  2146 | D:4      | Reached XP level 6. HP: 1/56 MP: 8/8
  2146 | D:4      | Slain by a gnoll

Illustrated notes

Levels and vault maps discovered:
D:1:      dpeg_arrival_another_circle, layout_loops_corners,
          shapermc_ecumenical_altar_venn
D:2:      layout_loops_corners
D:4:      layout_basic

Skill      XL: |  1  2  3  4  5 |
---------------+----------------+-----
Axes           | 3 4 5 6 |  6.1
Fighting       | 4 5 |  5.1
Invocations    | 1 2 3 |  3.1
Armour         | |  3.2
Shields        | |  3.2

Action                   |  1- 3 |  4- 6 || total
-------------------------+-------+-------++-------
Melee: War axe           |    90 |    71 ||   161
  Use: Potion            |       |     1 ||     1
Armor: Scale mail        |    46 |    33 ||    79
       Plate armour      |       |    10 ||    10
Dodge: Dodged            |    53 |    35 ||    88
Block: Buckler           |    25 |    18 ||    43
